 Dungeon Crawl Stone Soup version 0.22.0-60-ga52c2fc (console) character file.

91 bli the Skirmisher (level 4, -3/38 HPs)
             Began as a Formicid Abyssal Knight on Sept 9, 2018.
             Was a Believer of Lugonu.
             Slain by an iguana (9 damage)
             ... on level 4 of the Dungeon.
             The game lasted 00:07:32 (1849 turns).

bli the Skirmisher (Formicid Abyssal Knight)        Turns: 1849, Time: 00:07:33

Health: -3/38      AC:  4    Str: 16    XL:     4   Next: 88%
Magic:  5/5        EV:  9    Int: 12    God:    Lugonu [**....]
Gold:   161        SH:  8    Dex: 11    Spells: 3/3 levels left

rFire    . . .     SeeInvis +   a - +1 mace
rCold    . . .     Gourm    .   f - +0 shield
rNeg     . . .     Faith    .   b - +0 leather armour
rPois    .         Spirit   .   (helmet unavailable)
rElec    .         Reflect  .   (no cloak)
rCorr    .         Harm     .   k - +0 pair of gloves
MR       .....                  (no boots)
Stlth    +.........             (no amulet)
HPRegen  0.12/turn              (no ring)
MPRegen  0.09/turn              (no ring)

@: no status effects
A: permanent stasis, dig shafts and tunnels, four strong arms, antennae 3
a: Dig, Shaft Self, Depart the Abyss, Bend Space, Renounce Religion


You were on level 4 of the Dungeon.
You worshipped Lugonu.
Lugonu was pleased with you.
You were not hungry.

You visited 1 branch of the dungeon, and saw 4 of its levels.
You visited the Abyss 1 time.

You collected 161 gold pieces.

Inventory:

Hand Weapons
 a - a +1 mace (weapon)
Missiles
 i - 125 stones (quivered)
Armour
 b - a +0 leather armour (worn)
 f - a +0 shield (worn)
 k - a +0 pair of gloves (worn)
Scrolls
 d - 3 scrolls of teleportation {unknown}
 e - 6 scrolls of identify {unknown}
 l - 2 scrolls of magic mapping {unknown}
 n - a scroll of blinking {unknown}
 p - 2 scrolls of remove curse {unknown}
 q - 3 scrolls of fear {unknown}
 r - a scroll of amnesia {unknown}
 s - a scroll of fog {unknown}
Potions
 g - 3 potions of curing {unknown}
 h - a potion of resistance {unknown}
 j - 2 potions of haste {unknown}
 m - a potion of might {unknown}
 o - a potion of invisibility {unknown}
 t - a potion of mutation {unknown}
Comestibles
 c - 4 rations


   Skills:
 * Level 4.3 Fighting
 + Level 2.8 Maces & Flails
 + Level 2.4 Armour
 + Level 1.2 Dodging
 * Level 1.8 Shields
 + Level 2.4 Invocations


You had 3 spell levels left.
You didn't know any spells.
Your spell library was empty.

Dungeon Overview and Level Annotations

Branches:
Dungeon (4/15)
 Temple: D:4-7

Altars:
Kikubaaqudgha
Nemelex Xobeh
Sif Muna
Vehumet
Xom


Innate Abilities, Weirdness & Mutations

You cannot be hasted, slowed, berserked, paralysed or teleported.
You can dig through walls and to a lower floor.
Your four strong arms can wield two-handed weapons with a shield.
You have a pair of large antennae on your head. (SInv)


Message History

You closely miss the iguana. The iguana bites you.
You hit the iguana.
The iguana is lightly wounded.
The iguana bites you!
* * * LOW HITPOINT WARNING * * *
You hit the iguana.
The iguana is moderately wounded.
The iguana closely misses you. You block the iguana's attack.
You hit the iguana.
The iguana is moderately wounded.
You block the iguana's attack.
You hit the iguana.
The iguana is heavily wounded.
The iguana bites you but does no damage.
You hit the iguana.
The iguana is severely wounded.
The iguana bites you.
* * * LOW HITPOINT WARNING * * *
The iguana bites you!
You die...

...........
..........#
#........#
.##........
..........###
............#
............#
##....)l...#
........@...#
##......#...#
#......#.......
#..............
##.....s./.....
#.............
#.............
#..... .......


You could see an iguana.

Vanquished Creatures
  2 adders
  2 oozes
  A worm (D:2)
  3 dart slugs (D:2)
  A leopard gecko (D:2)
  An orc (D:4)
  3 ball pythons
  4 bats
  6 giant cockroaches
  7 goblins
  6 hobgoblins
  4 kobolds
  4 frilled lizards
  8 rats
52 creatures vanquished.

Notes
Turn   | Place    | Note
-------+----------+-------------------------------------------
     0 | Abyss:1  | bli the Formicid Abyssal Knight began the quest for the
                  | Orb.
     0 | Abyss:1  | Reached XP level 1. HP: 18/18 MP: 2/2
    39 | Abyss:1  | Noticed a soul eater
    44 | D:1      | Escaped the Abyss
    54 | D:1      | Reached skill level 1 in Dodging
    56 | D:1      | Reached XP level 2. HP: 19/24 MP: 3/3
   436 | D:1      | Found an ancient bone altar of Kikubaaqudgha.
   438 | D:1      | Reached skill level 4 in Fighting
   585 | D:1      | Reached * piety under Lugonu
   585 | D:1      | Reached XP level 3. HP: 30/30 MP: 4/4
   828 | D:2      | Found a sparkling altar of Nemelex Xobeh.
   870 | D:2      | Reached skill level 1 in Shields
  1025 | D:2      | Reached XP level 4. HP: 37/37 MP: 5/5
  1028 | D:2      | Found a radiant altar of Vehumet.
  1065 | D:2      | Found a shimmering altar of Xom.
  1066 | D:2      | Found a shimmering altar of Xom.
  1066 | D:2      | Found a shimmering altar of Xom.
  1066 | D:2      | Found a shimmering altar of Xom.
  1066 | D:2      | Found a shimmering altar of Xom.
  1067 | D:2      | Found a shimmering altar of Xom.
  1579 | D:3      | Reached ** piety under Lugonu
  1763 | D:3      | Found a deep blue altar of Sif Muna.
  1800 | D:3      | Noticed an ogre
  1849 | D:4      | Slain by an iguana

Skill      XL: |  1  2  3 |
---------------+----------+-----
Dodging        | 1 |  1.2
Fighting       | 4 |  4.3
Shields        | 1 |  1.8
Maces & Flails | |  2.8
Armour         | |  2.4
Invocations    | |  2.4

Action                   |  1- 3 |  4- 6 || total
-------------------------+-------+-------++-------
Melee: Mace              |   110 |    61 ||   171
Invok: Depart the Abyss  |     1 |       ||     1
 Abil: Dig               |     1 |       ||     1
  Eat: Chunk             |     1 |     2 ||     3
Armor: Leather armour    |    33 |    11 ||    44
Dodge: Dodged            |    36 |    14 ||    50
Block: Shield            |    45 |    29 ||    74
